 Dungeon Crawl Stone Soup version 0.17-a0-1-g1f4be75 (webtiles) character file.

13900 Malachi the Unseen (level 11, -6/76 HPs)
             Began as a Vampire Enchanter on Mar 10, 2015.
             Was an Elder of Kikubaaqudgha.
             Mangled by a seven-headed hydra (12 damage)
             ... on level 12 of the Dungeon.
             The game lasted 00:38:50 (12284 turns).

Malachi the Unseen (Vampire Enchanter)             Turns: 12284, Time: 00:38:51

Health: -6/76      AC:  7    Str: 11    XL:     11   Next: 81%
Magic:  11/25      EV: 17    Int: 20    God:    Kikubaaqudgha [****..]
Gold:   663        SH:  0    Dex: 14    Spells: 5 memorised, 7 levels left

rFire  . . .     SeeInvis +     w - +3 dagger (elec)
rCold  . . .     Clarity  .     b - +2 robe
rNeg   . . .     SustAb   .     (no shield)
rPois  .         Gourm    .     (no helmet)
rElec  .         Spirit   .     f - +0 cloak
rCorr  .         Warding  .     i - +1 pair of gloves "Cheag" {Str+4}
rMut   .         Stasis   .     (no boots)
MR     +....                    (no amulet)
Stlth  +++++++...               (no ring)
                                (no ring)

@: regenerating quickly, somewhat resistant to hostile enchantments, extremely
stealthy
A: bottle blood, fangs 3, see invisible, unbreathing
a: Receive Corpses, Renounce Religion


You were on level 12 of the Dungeon.
You worshipped Kikubaaqudgha.
Kikubaaqudgha was greatly pleased with you.
You were very full.

You visited 2 branches of the dungeon, and saw 13 of its levels.
You also visited: Ossuary.

You collected 663 gold pieces.

Inventory:

Hand weapons
 p - a +0 blowgun
 w - a +3 dagger of electrocution (weapon)
Missiles
 q - 5 poisoned needles
Armour
 b - a +2 robe (worn)
 f - a +0 cloak (worn)
 i - the +1 pair of gloves "Cheag" (worn) {Str+4}
   (You found it on level 6 of the Dungeon)

   It affects your strength (+4).
 J - a troll hide
Jewellery
 g - an uncursed amulet of faith
 F - a +3 ring of strength {unknown}
Magical devices
 l - a wand of magic darts (10)
 t - a wand of lightning (7)
 z - a wand of polymorph (14)
 A - a wand of random effects (17)
 G - a wand of draining (2)
 I - a wand of disintegration (12)
 K - a wand of random effects (16)
Scrolls
 a - 5 scrolls of remove curse
 d - a scroll of amnesia
 x - a scroll of enchant armour
 C - 2 scrolls of magic mapping
 L - a scroll of identify
Potions
 e - a potion of lignification {unknown}
 h - 3 potions of curing
 k - 6 potions of brilliance
 m - 2 potions of berserk rage
 n - 3 potions of restore abilities
 o - a potion of agility
 s - a potion of flight {unknown}
 u - a potion of resistance
 B - a potion of magic
 D - a potion of degeneration {unknown}
Books
 c - a book of Maledictions

   Spells                             Type                      Level
   a - Corona                         Hexes                        1
   b - Sure Blade                     Hexes/Charms                 2
   c - Ensorcelled Hibernation        Hexes/Ice                    2
   d - Confuse                        Hexes                        3
   e - Dazzling Spray                 Conjuration/Hexes            3
   f - Enslavement                    Hexes                        4
 r - a book of the Earth

   Spells                             Type                      Level
   a - Leda's Liquefaction            Hexes/Earth                  4
   b - Bolt of Magma                  Conjuration/Fire/Earth       5
   c - Statue Form                    Transmutation/Earth          6
   d - Iron Shot                      Conjuration/Earth            6
   e - Shatter                        Earth                        9
 v - Kikubaaqudgha's Grimoire of Sinister Magic
   (Kikubaaqudgha gifted it to you on level 7 of the Dungeon)

   Spells                             Type                      Level
   a - Animate Skeleton               Necromancy                   1
   b - Corpse Rot                     Necromancy                   2
   c - Sublimation of Blood           Necromancy                   2
   d - Regeneration                   Charms/Necromancy            3
   e - Control Undead                 Necromancy                   4
 E - Kikubaaqudgha's Collected Works on Necromancy
   (Kikubaaqudgha gifted it to you on level 9 of the Dungeon)

   Spells                             Type                      Level
   a - Animate Dead                   Necromancy                   4
   b - Excruciating Wounds            Charms/Necromancy            5
   c - Agony                          Necromancy                   5
   d - Dispel Undead                  Necromancy                   5
   e - Death Channel                  Necromancy                   6
 H - a book of Air

   Spells                             Type                      Level
   a - Shock                          Conjuration/Air              1
   b - Swiftness                      Charms/Air                   2
   c - Repel Missiles                 Charms/Air                   2
   d - Flight                         Charms/Air                   3
   e - Static Discharge               Conjuration/Air              3
   f - Lightning Bolt                 Conjuration/Air              5


   Skills:
 + Level 3.9 Fighting
 + Level 4.6 Short Blades
 + Level 8.5 Dodging
 + Level 16.6 Stealth
 - Level 6.0 Spellcasting
 + Level 1.0 Conjurations
 + Level 12.2 Hexes
 * Level 6.4 Necromancy
 - Level 2.2 Ice Magic


You had 7 spell levels left.
You knew the following spells:

 Your Spells              Type           Power        Failure   Level  Hunger
a - Ensorcelled Hibernat  Hex/Ice        #####.       1%          2    None
b - Confuse               Hex            ######..     1%          3    ##.....
c - Dazzling Spray        Conj/Hex       ####....     1%          3    ##.....
d - Animate Dead          Necr           N/A          10%         4    ####...
r - Regeneration          Chrm/Necr      ###.......   10%         3    ##.....


Dungeon Overview and Level Annotations

Branches:
Dungeon (12/15)            Temple (1/1) D:6            Lair (0/8) D:8
    Orc (0/4) D:12

Altars:
Ashenzari
Cheibriados
Dithmenos
Elyvilon
Gozag
Kikubaaqudgha
Makhleb
Nemelex Xobeh
Okawaru
Qazlal
Ru
Sif Muna
Trog
Xom
Zin
The Shining One

Shops:
D:12 [

Annotations:
D:12 ldf's ghost, powerful MfSu


Innate Abilities, Weirdness & Mutations

Your natural rate of healing is unusually fast.
You can bottle blood from corpses.
You have razor-sharp teeth.
You have supernaturally acute eyesight.
You can survive without breathing.


Message History

The seven-headed hydra barely misses you.
The seven-headed hydra bites you! The seven-headed hydra bites you.
* * * LOW HITPOINT WARNING * * *
The seven-headed hydra bites you.
* * * LOW HITPOINT WARNING * * *
The seven-headed hydra bites you!
* * * LOW HITPOINT WARNING * * *
The seven-headed hydra completely misses you.
Read which item? (? for menu, Esc to quit)
Okay, then.
Drink which item? (? for menu, Esc to quit)
You feel much better. The seven-headed hydra bites you!
* * * LOW HITPOINT WARNING * * *
The seven-headed hydra bites you!
* * * LOW HITPOINT WARNING * * *
The seven-headed hydra misses you.
The seven-headed hydra completely misses you.
The seven-headed hydra bites you!
You die...
Kikubaaqudgha rasps: "You have failed me!
Welcome... oblivion!"

..................
.................D...
......................
...>.......%...........
........................
........................
........................
.........................
........@D...............
.
######################...
#. ... #! #.##### #.....
#.... #... #)(#


You could see a seven-headed hydra.

Vanquished Creatures
  The ghost of Speissi the Thrower, an experienced MiGl of Dithmenos (D:9)
  3 unseen horrors
  A hill giant (D:12)
  Psyche (D:9)
  A fire drake (D:8)
  A troll (D:10)
  Grinder (D:6)
  2 wraiths (Ossuary)
  2 deep elf magi
  2 hungry ghosts
  2 hippogriffs
  17 yaks
  2 wyverns
  Menkaure (D:6)
  3 sky beasts
  An ice beast (D:9)
  2 wasps
  2 black bears
  8 ogres
  2 orc warriors
  6 centaurs
  A crocodile (D:10)
  Duvessa (D:7)
  6 phantoms
  4 big kobolds
  6 giant frogs
  A water moccasin zombie (D:7)
  3 scorpions
  7 wights
  21 killer bees
  Dowan (D:7)
  7 crimson imps
  A giant frog zombie (D:10)
  4 goliath beetles
  A centaur zombie (D:8)
  A hound (D:11)
  An orc priest (D:7)
  2 giant frog skeletons
  3 jellies (D:6)
  6 iguanas
  7 orc wizards
  4 centaur skeletons
  5 worker ants
  Natasha (twice) (D:6)
  11 gnolls
  2 worker ant zombies
  7 adders
  2 giant mites
  A worm (D:5)
  3 adder zombies
  An adder skeleton (D:6)
  5 giant geckos
  32 orcs
  15 bats
  4 giant cockroaches
  10 hobgoblins
  20 jackals
  5 quokkas
  A ball python (D:3)
  3 giant newts
  A giant spore (D:9)
  17 goblins
  A hobgoblin skeleton (Ossuary)
  2 hobgoblin zombies (Ossuary)
  25 kobolds
  A kobold zombie (Ossuary)
  An orc skeleton (Ossuary)
  An orc zombie (Ossuary)
  11 rats
  14 ballistomycetes
352 creatures vanquished.

Vanquished Creatures (collateral kills)
  A killer bee (D:9)
1 creature vanquished.

Vanquished Creatures (others)
  A giant spore (D:11)
  A kobold (D:7)
2 creatures vanquished.

Grand Total: 355 creatures vanquished

Notes
Turn   | Place    | Note
--------------------------------------------------------------
     0 | D:1      | Malachi, the Vampire Enchanter, began the quest for the Orb.
     0 | D:1      | Reached XP level 1. HP: 13/13 MP: 3/3
   227 | D:1      | Reached XP level 2. HP: 19/19 MP: 4/4
   251 | D:1      | Reached skill level 5 in Hexes
   768 | D:1      | Reached skill level 5 in Stealth
   895 | D:2      | Reached XP level 3. HP: 20/24 MP: 4/6
  1117 | D:2      | Learned a level 2 spell: Ensorcelled Hibernation
  1686 | D:2      | Reached XP level 4. HP: 24/31 MP: 4/7
  2190 | D:3      | Learned a level 3 spell: Confuse
  2596 | D:3      | Reached XP level 5. HP: 26/36 MP: 7/9
  3041 | D:4      | Found a bloodstained altar of Trog.
  3051 | D:4      | Found a shadowy altar of Dithmenos.
  3068 | D:4      | Reached skill level 6 in Stealth
  3082 | D:4      | Found a glowing golden altar of the Shining One.
  3083 | D:4      | Found an opulent altar of Gozag.
  3196 | D:4      | Noticed an ogre
  3217 | D:4      | Killed an ogre
  3217 | D:4      | Reached XP level 6. HP: 15/42 MP: 7/11
  3444 | D:4      | Noticed an ogre
  3504 | D:4      | Killed an ogre
  3504 | D:4      | Reached skill level 1 in Fighting
  4031 | D:4      | Reached skill level 7 in Stealth
  4135 | D:4      | Found a glowing silver altar of Zin.
  4138 | D:4      | Found a shattered altar of Ashenzari.
  4144 | D:4      | Found an iron altar of Okawaru.
  4257 | D:5      | Entered Level 5 of the Dungeon
  4516 | D:5      | Reached skill level 1 in Ice Magic
  4550 | D:5      | Reached XP level 7. HP: 37/48 MP: 10/14
  4626 | D:5      | Learned a level 3 spell: Dazzling Spray
  4968 | D:6      | Reached skill level 8 in Stealth
  4991 | D:6      | Found a staircase to the Ecumenical Temple.
  4994 | D:6      | Got a pair of crude gloves
  5000 | D:6      | Identified the +1 pair of gloves "Cheag" {Str+4} (You found it on level 6 of the Dungeon)
  5126 | D:6      | Noticed Grinder
  5183 | D:6      | Killed Grinder
  5183 | D:6      | Reached skill level 9 in Stealth
  5183 | D:6      | Reached XP level 8. HP: 36/56 MP: 12/17
  5199 | Temple   | Entered the Ecumenical Temple
  5285 | Temple   | Became a worshipper of Kikubaaqudgha
  5312 | D:6      | Found a sacrificial altar of Ru.
  5478 | D:6      | Noticed Natasha
  5490 | D:6      | Killed Natasha
  5490 | D:6      | Reached skill level 5 in Dodging
  5613 | D:6      | Noticed Menkaure
  5616 | D:6      | Killed Menkaure
  5616 | D:6      | Reached skill level 10 in Stealth
  5626 | D:6      | Noticed Natasha
  5636 | D:6      | Killed Natasha
  5969 | D:7      | Reached skill level 11 in Stealth
  5972 | D:7      | Acquired Kikubaaqudgha's first power
  5972 | D:7      | Received a gift from Kikubaaqudgha
  5972 | D:7      | Reached XP level 9. HP: 61/61 MP: 13/20
  5975 | D:7      | Identified Kikubaaqudgha's Grimoire of Sinister Magic (Kikubaaqudgha gifted it to you on level 7 of the Dungeon)
  6069 | D:7      | Noticed Duvessa
  6070 | D:7      | Noticed Dowan
  6073 | D:7      | Killed Duvessa
  6076 | D:7      | Killed Dowan
  6076 | D:7      | Reached skill level 5 in Spellcasting
  6720 | D:7      | Reached skill level 12 in Stealth
  6778 | D:7      | Learned a level 3 spell: Regeneration
  7238 | D:8      | Found a staircase to the Lair.
  7238 | D:8      | Noticed a fire drake
  7264 | D:8      | Killed a fire drake
  7445 | D:8      | Acquired Kikubaaqudgha's second power
  7447 | D:8      | Reached skill level 1 in Conjurations
  7484 | D:8      | Found a burning altar of Makhleb.
  7518 | D:8      | Reached skill level 1 in Necromancy
  7578 | D:8      | Found a sand-covered staircase.
  7591 | Ossuary  | Entered an ossuary
  7729 | Ossuary  | Reached XP level 10. HP: 68/68 MP: 24/24
  8066 | D:8      | Reached skill level 13 in Stealth
  8110 | D:8      | Reached skill level 10 in Hexes
  8489 | D:9      | Noticed Psyche
  8492 | D:9      | Killed Psyche
  8801 | D:9      | Found a snail-covered altar of Cheibriados.
  8852 | D:9      | Noticed Speissi's ghost (experienced MiGl)
  8890 | D:9      | Killed Speissi's ghost
  9041 | D:9      | Reached skill level 14 in Stealth
  9399 | D:9      | Received a gift from Kikubaaqudgha
  9425 | D:9      | Identified Kikubaaqudgha's Collected Works on Necromancy (Kikubaaqudgha gifted it to you on level 9 of the Dungeon)
  9435 | D:9      | Learned a level 4 spell: Animate Dead
  9794 | D:10     | Entered Level 10 of the Dungeon
  9820 | D:10     | Reached XP level 11. HP: 75/75 MP: 20/25
  9900 | D:10     | Reached skill level 5 in Necromancy
 10163 | D:10     | Reached skill level 15 in Stealth
 10706 | D:11     | Acquired Kikubaaqudgha's third power
 10771 | D:11     | Noticed an unseen horror
 10780 | D:11     | Killed an unseen horror
 11077 | D:11     | Noticed an unseen horror
 11084 | D:11     | Killed an unseen horror
 11084 | D:11     | Reached skill level 16 in Stealth
 11486 | D:12     | Noticed ldf's ghost (powerful MfSu)
 11998 | D:12     | Noticed an unseen horror
 12007 | D:12     | Killed an unseen horror
 12034 | D:12     | Found a staircase to the Orcish Mines.
 12140 | D:12     | Found Groeto's Armour Shop.
 12157 | D:12     | Noticed a hill giant
 12266 | D:12     | Noticed a seven-headed hydra
 12268 | D:12     | Noticed a hill giant
 12276 | D:12     | Killed a hill giant
 12283 | D:12     | HP: 3/76 [seven-headed hydra (13)]
 12284 | D:12     | Mangled by a seven-headed hydra

Action                   |  1- 3 |  4- 6 |  7- 9 | 10-12 || total
-------------------------+-------+-------+-------+-------++-------
Melee: Dagger            |   136 |   239 |   275 |   368 ||  1018
 Fire: Blowgun           |       |       |       |     2 ||     2
 Cast: Corona            |     8 |     5 |       |       ||    13
       Ensorcelled Hiber |     2 |    22 |    56 |    67 ||   147
       Confuse           |       |     2 |    14 |    25 ||    41
       Dazzling Spray    |       |       |    14 |     3 ||    17
       Animate Dead      |       |       |       |     1 ||     1
  Use: Scroll            |       |     1 |    11 |    11 ||    23
       Potion            |       |       |       |     2 ||     2
 Stab: Sleeping          |    13 |    18 |    58 |    75 ||   164
       Confused          |       |     3 |     6 |     8 ||    17
       Invisible         |       |       |     2 |       ||     2
       Distracted        |       |       |       |     1 ||     1
  Eat: Corpse            |    13 |    17 |    21 |    23 ||    74
